 Dungeon Crawl Stone Soup version 0.27.1-33-g824d729ab1 (webtiles) character file.

Game seed: 17851600615172139566

2919 Strung101 the Zephyrmancer (level 9, -4/66 (67) HPs)
             Began as a Green Draconian Air Elementalist on Dec 7, 2021.
             Killed by divine providence
             ... invoked by an orc priest
              (12 damage)
             ... on level 7 of the Dungeon.
             The game lasted 00:38:58 (14675 turns).

Strung101 the Zephyrmancer (DrAE)                  Turns: 14675, Time: 00:38:59

HP:   -4/66 (67)    AC:  8    Str: 11    XL:     9   Next: 50%
MP:   5/18          EV: 13    Int: 19    God:
Gold: 212           SH:  0    Dex: 11    Spells: 10/20 levels left

rFire    . . .     SeeInvis .   e - staff of death
rCold    . . .     Faith    .   (no shield)
rNeg     + . .     Spirit   .   (armour unavailable)
rPois    +         Reflect  .   (helmet restricted)
rElec    .         Harm     .   b - +0 cloak of the Earth {Rampage}
rCorr    .         Rampage  +   (no gloves)
Will     .....                  (no boots)
Stlth    ++........             (no amulet)
HPRegen  0.21/turn              (no ring)
MPRegen  0.16/turn              (no ring)

@: lightly drained
A: breathe noxious fumes, AC +7, unfitting armour, poison resistance,
cold-blooded
a: Breathe Noxious Fumes


You were on level 7 of the Dungeon.
You visited 1 branch of the dungeon, and saw 7 of its levels.

You collected 212 gold pieces.

Inventory:

Hand Weapons
 a - a +0 dagger
Missiles
 g - a throwing net
Armour
 b - the +0 cloak of the Earth (worn) {Rampage}
   (You acquired it on level 5 of the Dungeon)

   Rampage:   It bestows one free step when moving towards enemies.
Magical Staves
 e - a staff of death (weapon)
Scrolls
 d - 2 scrolls of identify
 f - 2 scrolls of enchant weapon
 h - a scroll of magic mapping
Potions
 i - a potion of mutation {unknown}


   Skills:
 + Level 2.1 Fighting
 + Level 2.3 Staves
 + Level 4.3 Dodging
 + Level 3.4 Stealth
 + Level 0.1 Unarmed Combat
 + Level 6.2 Spellcasting
 + Level 5.4 Conjurations
 * Level 8.2 Air Magic
 + Level 1.0 Evocations


You had 10 spell levels left.
You knew the following spells:

 Your Spells              Type           Power      Damage    Failure   Level
a - Shock                 Conj/Air       100%       1d9       1%          1
b - Static Discharge      Conj/Air       32%        N/A       1%          2
c - Airstrike             Air            18%        N/A       3%          4
d - Swiftness             Air            37%        N/A       1%          3

Your spell library contained the following spells:

 Spells                   Type           Power      Damage    Failure   Level
 Magic Dart               Conj           100%       1d8       1%          1
 Mephitic Cloud           Conj/Pois/Air  23%        N/A       4%          3
 Conjure Flame            Conj/Fire      16%        6-21      11%         3
 Call Imp                 Summ           5%         N/A       17%         2
 Passwall                 Tmut/Erth      4%         N/A       17%         2
 Sublimation of Blood     Necr           4%         N/A       17%         2
 Wereblood                Tmut           5%         N/A       17%         2
 Ignite Poison            Fire/Tmut/Pois 5%         N/A       32%         3
 Sticky Flame             Conj/Fire      16%        2d4       34%         4
 Invisibility             Hex            2%         N/A       100%        6
 Summon Hydra             Summ           2%         N/A       100%        7


Dungeon Overview and Level Annotations

Branches:
Dungeon (7/15)
 Temple: D:4-7

Altars:
Uskayaw


Innate Abilities, Weirdness & Mutations

You can breathe blasts of noxious fumes.
Your lurid green scales are hard. (AC +7)
You cannot fit into any form of body armour.
Your system is resistant to poisons. (rPois)
You are cold-blooded and may be slowed by cold attacks.


Message History

Items here: )) [[ †.
The wight barely misses you. The wight closely misses you.
The wight barely misses you. The wight misses you.
You have got your breath back.
The wight barely misses you. x2
The wight barely misses you.
There is an open door here.
Casting: Shock (safe; 1% risk of failure)
Confirm with . or Enter, or press ? or * to list all spells.
You feel quick. The wight closely misses you.
You open the door.
The wight hits you from afar with a +0 trident.
* * * LOW HITPOINT WARNING * * *
The wight barely misses you. The wight closely misses you.
The wight misses you.
There is an open door here.
The wight closely misses you.
You start to feel a little slower.
You feel sluggish.
Found a quarterstaff.
The orc priest shouts!
The wight closely misses you.
The orc priest looks encouraged for a moment.
The wight barely misses you.
You start to feel a little faster.
The orc shouts!
The wight hits you from afar with a +0 trident!
* * * LOW HITPOINT WARNING * * *
The orc priest calls down the wrath of Beogh upon you.
Pain shoots through your body!
* * * LOW HITPOINT WARNING * * *
The wight closely misses you. The wight misses you.
The wight closely misses you.
The orc priest looks satisfied for a moment.
You no longer feel sluggish.
A wight opens the door.
The orc priest invokes the aid of Beogh against you.
Beogh smites you!
You die...

#####################
#.....#..............
####.....'z.............
.....).@zz..............
########o..o............
....#...............
##'.#...............
..#.#............... #.
##.#.#.##o..####..### #.
# #.#.##...####..#.. #.
#.#.+.....#....#.. #.
####+ #.......#....#..


You could see 3 wights, an orc priest, an orc wizard and an orc.

Vanquished Creatures
  Pikel (D:7)
  6 yaks (D:4)
  Duvessa (D:5)
  A water moccasin (D:6)
  A black bear (D:6)
  2 ice beasts
  3 ogres
  4 lemures (D:7)
  2 scorpions
  A wyvern zombie (D:5)
  A wyvern skeleton (D:7)
  Dowan (D:5)
  A water moccasin skeleton (D:6)
  A wight (D:7)
  A howler monkey (D:5)
  A gnoll shaman (D:7)
  An orc priest (D:5)
  4 hounds
  2 iguanas
  3 orc wizards
  A scorpion zombie (D:4)
  A hound zombie (D:5)
  A hound skeleton (D:4)
  10 gnolls
  3 adders
  5 dart slugs
  30 orcs
  2 bats
  2 endoplasms (D:3)
  2 giant cockroaches (D:2)
  3 goblins
  2 hobgoblins
  3 jackals (D:4)
  3 quokkas
  5 ball pythons
  6 frilled lizards
  6 kobolds
  3 rats
126 creatures vanquished.

Notes
Turn   | Place    | Note
-------+----------+-------------------------------------------
     0 | D:1      | Strung101 the Draconian Air Elementalist began the quest
                  | for the Orb.
     0 | D:1      | Reached XP level 1. HP: 14/14 MP: 3/3
   803 | D:1      | Found a faded altar of an unknown god.
   808 | D:1      | Reached XP level 2. HP: 14/20 MP: 3/5
  2587 | D:2      | Reached XP level 3. HP: 26/26 MP: 3/6
  3699 | D:2      | Learned a level 2 spell: Static Discharge
  5198 | D:4      | Reached skill level 4 in Air Magic
  5198 | D:4      | Reached XP level 4. HP: 31/33 MP: 0/7
  5447 | D:4      | Noticed a scorpion
  5636 | D:4      | Noticed a yak
  5645 | D:4      | Noticed an ice beast
  5651 | D:4      | Killed a scorpion
  5652 | D:4      | Reached XP level 5. HP: 36/38 MP: 3/9
  5990 | D:5      | Entered Level 5 of the Dungeon
  5991 | D:5      | Identified a scroll of acquirement
  5991 | D:5      | Acquired the +0 cloak of the Earth {Rampage}
  6369 | D:5      | Reached XP level 6. HP: 35/46 MP: 4/10
  6696 | D:5      | Reached skill level 1 in Staves
  7724 | D:5      | Reached skill level 5 in Air Magic
  7791 | D:5      | Reached skill level 1 in Fighting
  7834 | D:5      | Noticed Duvessa
  8165 | D:4      | Killed an ice beast
  8166 | D:4      | Your scales start taking on a lurid green colour.
  8166 | D:4      | Reached XP level 7. HP: 36/52 MP: 0/12
  8166 | D:4      | Gained mutation: Your system is resistant to poisons.
                  | (rPois) [Green Draconian growth]
  8430 | D:4      | Learned a level 4 spell: Airstrike
  8807 | D:4      | Identified the +1 leather armour of Utidutuzez {rF+ rC+
                  | Str-2}
  8807 | D:4      | Noticed a yak
  8809 | D:4      | Noticed a yak
  8809 | D:4      | Noticed a yak
  8812 | D:4      | Noticed a yak
  8820 | D:4      | Noticed a yak
  9226 | D:4      | Killed a yak
  9256 | D:4      | Killed a yak
  9283 | D:4      | HP: 1/52 [yak (13)]
  9810 | D:4      | Killed a yak
  9811 | D:4      | Reached XP level 8. HP: 48/59 MP: 0/14
 10362 | D:4      | Reached skill level 6 in Air Magic
 10625 | D:4      | Reached skill level 5 in Spellcasting
 11543 | D:5      | Noticed Dowan
 11560 | D:5      | Killed Dowan
 11648 | D:5      | Killed Duvessa
 11804 | D:5      | Found a hide-covered altar of Uskayaw.
 12116 | D:6      | Reached skill level 5 in Conjurations
 12116 | D:6      | Reached skill level 7 in Air Magic
 13007 | D:6      | Reached XP level 9. HP: 30/67 MP: 9/17
 13503 | D:6      | Learned a level 3 spell: Swiftness
 14326 | D:7      | Noticed Pikel
 14545 | D:7      | Noticed a moth of wrath
 14617 | D:7      | Killed Pikel
 14618 | D:7      | Reached skill level 8 in Air Magic
 14618 | D:7      | Reached skill level 1 in Evocations
 14675 | D:7      | Killed from afar by an orc priest

Illustrated notes

Levels and vault maps discovered:
D:1:      giann_wishing_wells, layout_rooms, basic_ecumenical_altar
D:2:      layout_loops_ring, grunt_decor_one_mirror
D:3:      layout_rooms, minmay_tree_intersection
D:4:      layout_rooms, serial_corexii_hall, corexii_hall_statues_x,
          chequers_hall_statues_wall_a
D:5:      layout_basic, general_overflow_altar, serial_park_tiny_2,
          kennysheep_donut, hangedman_decor_riveting, abandoned_shop,
          uniq_duvessa
D:6:      layout_basic
D:7:      layout_gridville, minmay_temple_entry_antechambers,
          gammafunk_ghost_wrathful_warriors, minivault_11, uniq_pikel

Skill      XL: |  1  2  3  4  5  6  7  8  9 |
---------------+----------------------------+-----
Dodging        | 2 3 4 |  4.3
Stealth        | 2 3 |  3.4
Conjurations   | 2 3 4 5 |  5.4
Air Magic      | 4 5 7 8 |  8.2
Spellcasting   | 3 4 5 6 |  6.2
Staves         | 1 2 |  2.3
Fighting       | 1 2 |  2.1
Evocations     | 1 |  1.0
Unarmed Combat | |  0.1

Action                   |  1- 3 |  4- 6 |  7- 9 || total
-------------------------+-------+-------+-------++-------
Melee: Unarmed           |     7 |       |       ||     7
       Tailslap          |     4 |     3 |     8 ||    15
       Dagger            |    11 |       |       ||    11
       Staff             |    15 |    52 |    63 ||   130
 Cast: Shock             |    59 |    50 |   104 ||   213
       Static Discharge  |     4 |    19 |    40 ||    63
       Airstrike         |       |       |    13 ||    13
       Swiftness         |       |       |     5 ||     5
 Abil: Breathe Noxious F |       |       |     9 ||     9
Evoke: Wand              |       |       |     8 ||     8
  Use: Scroll            |     3 |     6 |     6 ||    15
       Potion            |       |     2 |     4 ||     6
 Stab: Sleeping          |     1 |       |       ||     1
       Confused          |       |       |     1 ||     1
Armor: Skin              |    14 |    17 |    58 ||    89
Dodge: Dodged            |    23 |    64 |   130 ||   217
